SL
FT. WORTH CATTLEMEN @ NEW AMSTERDAM REPUBLICS
06/18/2021
 
TOP OF THE 1ST
Ft. Worth Cattlemen batting - Pitching for New Amsterdam Republics : RHP Pedro Castro
Pitching: RHP Pedro Castro
Batting: LHB Ryan Westlake 0-0: Ball
1-0: Called Strike
1-1: Foul Ball, location: 2F
1-2: Foul Ball, location: 2F
1-2: SINGLE (Line Drive, 34)
Batting: RHB Joey Morgan 0-0: Called Strike
0-1: Ball
1-1: Swinging Strike
1-2: Strikes out swinging
Batting: RHB Bart Lewis 0-0: Ball
1-0: Swinging Strike
1-1: Foul Ball, location: 2F
1-2: Foul Ball, location: 2F
1-2: Ball
2-2: Strikes out swinging
Batting: RHB Alan Elder 0-0: Called Strike
Throwing error on steal attempt, E2
Ryan Westlake to third
0-1: Ball
1-1: Ball
2-1: Swinging Strike
2-2: Strikes out swinging
Top of the 1st over - 0 run(s), 1 hit(s), 1 error(s), 1 left on base; Ft. Worth 0 - New Amsterdam 0
BOTTOM OF THE 1ST
New Amsterdam Republics batting - Pitching for Ft. Worth Cattlemen : RHP Francisco López
Pitching: RHP Francisco López
Batting: RHB Doug Reed 0-0: Ball
1-0: Swinging Strike
1-1: Ball
2-1: Ball
3-1: Foul Ball, location: 2F
3-2: Fly out, F8 (Line Drive, 8RM)
Batting: RHB Júlio Gruzmán 0-0: Ball
1-0: Called Strike
1-1: Ball
2-1: Ground out 5-3 (Groundball, 5)
Batting: RHB Carlos Ortega 0-0: SINGLE (Line Drive, 9S)
Batting: RHB Júlio Maldonado 0-0: Ball
1-0: Called Strike
1-1: Foul Ball, location: 2F
1-2: Ball
2-2: Strikes out swinging
Bottom of the 1st over - 0 run(s), 1 hit(s), 0 error(s), 1 left on base; Ft. Worth 0 - New Amsterdam 0
TOP OF THE 2ND
Ft. Worth Cattlemen batting - Pitching for New Amsterdam Republics : RHP Pedro Castro
Batting: LHB Orlando Trevino 0-0: Ball
1-0: Called Strike
1-1: Foul Ball, location: 2F
1-2: Ball
2-2: Ball
3-2: DOUBLE (Flyball, 78D)
Batting: SHB Eiji Suzuki 0-0: Foul Ball, location: 2F
0-1: Ball
1-1: Foul Ball, location: 2F
1-2: Foul Ball, location: 2F
1-2: Ball
2-2: Fly out, F8 (Flyball, 8LXD)
Runner from 2nd tags up, SAFE at 3rd, no throw
Batting: RHB Robby Thomas 0-0: Foul Ball, location: 2F
0-1: Ball
1-1: Ball
2-1: Called Strike
2-2: Strikes out swinging
Batting: RHB Jack Weber 0-0: Called Strike
0-1: Ball
Wild Pitch!
Orlando Trevino scores
1-1: Ground out 5-3 (Groundball, 5)
Top of the 2nd over - 1 run(s), 1 hit(s), 0 error(s), 0 left on base; Ft. Worth 1 - New Amsterdam 0
BOTTOM OF THE 2ND
New Amsterdam Republics batting - Pitching for Ft. Worth Cattlemen : RHP Francisco López
Batting: RHB Bryan Manning 0-0: Called Strike
0-1: Ball
1-1: Foul Ball, location: 2F
1-2: Ball
2-2: Strikes out swinging
Batting: RHB Ed Anderson 0-0: Called Strike
0-1: Ball
1-1: Ball
2-1: Foul Ball, location: 2F
2-2: Ground out 1-3 (Groundball, 15S)
Batting: LHB Félix López 0-0: Ball
1-0: Foul Ball, location: 2F
1-1: Swinging Strike
1-2: Ball
2-2: Ball
3-2: Base on Balls
Batting: RHB Tim Robinson 0-0: Ball
1-0: Ball
2-0: Fielders Choice at 2nd, U4 (Groundball, 4M)
Bottom of the 2nd over - 0 run(s), 0 hit(s), 0 error(s), 1 left on base; Ft. Worth 1 - New Amsterdam 0
TOP OF THE 3RD
Ft. Worth Cattlemen batting - Pitching for New Amsterdam Republics : RHP Pedro Castro
Batting: RHB Kevin Howard 0-0: Called Strike
0-1: Foul Ball, location: 2F
0-2: Ball
1-2: Strikes out swinging
Batting: LHB Ryan Westlake 0-0: Ball
1-0: Called Strike
1-1: Swinging Strike
1-2: Strikes out swinging
Batting: RHB Joey Morgan 0-0: Ball
1-0: Called Strike
1-1: Foul Ball, location: 2F
1-2: Ball
2-2: Foul Ball, location: 2F
2-2: Ball
3-2: Base on Balls
Batting: RHB Bart Lewis 0-0: Called Strike
0-1: Swinging Strike
0-2: Ball
1-2: Foul Ball, location: 2F
1-2: Foul Ball, location: 2F
1-2: Strikes out swinging
Top of the 3rd over - 0 run(s), 0 hit(s), 0 error(s), 1 left on base; Ft. Worth 1 - New Amsterdam 0
BOTTOM OF THE 3RD
New Amsterdam Republics batting - Pitching for Ft. Worth Cattlemen : RHP Francisco López
Batting: RHB Ronald Shelton 0-0: Swinging Strike
0-1: Swinging Strike
0-2: Foul Ball, location: 2F
0-2: Fly out, F8 (Flyball, 78D)
Batting: RHB Doug Reed 0-0: Ball
1-0: Foul Ball, location: 2F
1-1: Ball
2-1: Called Strike
2-2: Ball
3-2: SINGLE (Groundball, 25) (infield hit)
Batting: RHB Júlio Gruzmán 0-0: Ball
Doug Reed is caught stealing 2nd base
1-0: Ground out 6-3 (Groundball, 6)
Bottom of the 3rd over - 0 run(s), 1 hit(s), 0 error(s), 0 left on base; Ft. Worth 1 - New Amsterdam 0
TOP OF THE 4TH
Ft. Worth Cattlemen batting - Pitching for New Amsterdam Republics : RHP Pedro Castro
Batting: RHB Alan Elder 0-0: Called Strike
0-1: Foul Ball, location: 2F
0-2: Fly out, F8 (Flyball, 8LM)
Batting: LHB Orlando Trevino 0-0: Foul Ball, location: 2F
0-1: Ball
1-1: Foul Ball, location: 2F
1-2: Strikes out swinging
Batting: SHB Eiji Suzuki 0-0: Fly out, F8 (Flyball, 8RM)
Top of the 4th over - 0 run(s), 0 hit(s), 0 error(s), 0 left on base; Ft. Worth 1 - New Amsterdam 0
BOTTOM OF THE 4TH
New Amsterdam Republics batting - Pitching for Ft. Worth Cattlemen : RHP Francisco López
Batting: RHB Carlos Ortega 0-0: Called Strike
0-1: Ground out 6-3 (Groundball, 6M)
Batting: RHB Júlio Maldonado 0-0: Ball
1-0: Ground out 6-3 (Groundball, 56D)
Batting: RHB Bryan Manning 0-0: Called Strike
0-1: Ball
1-1: Foul Ball, location: 2F
1-2: Ball
2-2: Strikes out looking
Bottom of the 4th over - 0 run(s), 0 hit(s), 0 error(s), 0 left on base; Ft. Worth 1 - New Amsterdam 0
TOP OF THE 5TH
Ft. Worth Cattlemen batting - Pitching for New Amsterdam Republics : RHP Pedro Castro
Batting: RHB Robby Thomas 0-0: Swinging Strike
0-1: Called Strike
0-2: Ball
1-2: Foul Ball, location: 2F
1-2: Ball
2-2: Strikes out looking
Batting: RHB Jack Weber 0-0: Called Strike
0-1: Called Strike
0-2: Strikes out looking
Batting: RHB Kevin Howard 0-0: Called Strike
0-1: Ball
1-1: Foul Ball, location: 2F
1-2: Ball
2-2: Foul Ball, location: 2F
2-2: Foul Ball, location: 2F
2-2: Strikes out swinging
Top of the 5th over - 0 run(s), 0 hit(s), 0 error(s), 0 left on base; Ft. Worth 1 - New Amsterdam 0
BOTTOM OF THE 5TH
New Amsterdam Republics batting - Pitching for Ft. Worth Cattlemen : RHP Francisco López
Batting: RHB Ed Anderson 0-0: Called Strike
0-1: Ball
1-1: Ball
2-1: Ball
3-1: DOUBLE (Line Drive, 5L)
Batting: LHB Félix López 0-0: Foul Ball, location: 2F
0-1: Ball
1-1: Foul Ball, location: 2F
1-2: Strikes out swinging
Batting: RHB Tim Robinson 0-0: Ball
1-0: Foul Ball, location: 2F
1-1: SINGLE (Line Drive, 6MD)
Ed Anderson to third
Batting: RHB Ronald Shelton 0-0: Called Strike
0-1: Ball
1-1: Ball
2-1: Fly out, F8 (Flyball, 8RXD)
Runner from 3rd tags up, SCORES, no throw
Batting: RHB Doug Reed 0-0: Fly out, F4 (Popup, 34)
Bottom of the 5th over - 1 run(s), 2 hit(s), 0 error(s), 1 left on base; Ft. Worth 1 - New Amsterdam 1
TOP OF THE 6TH
Ft. Worth Cattlemen batting - Pitching for New Amsterdam Republics : RHP Pedro Castro
Batting: LHB Ryan Westlake 0-0: Ball
1-0: Ball
2-0: Swinging Strike
2-1: Foul Ball, location: 2F
2-2: Strikes out swinging
Batting: RHB Joey Morgan 0-0: Called Strike
0-1: Foul Ball, location: 2F
0-2: Strikes out swinging
Batting: RHB Bart Lewis 0-0: Ball
1-0: SINGLE (Line Drive, 6M)
Batting: RHB Alan Elder 0-0: Called Strike
0-1: Ball
1-1: Ball
2-1: SINGLE (Line Drive, 7S)
Bart Lewis to second
Batting: LHB Orlando Trevino 0-0: Foul Ball, location: 2F
0-1: SINGLE (Flyball, 7LS)
Bart Lewis to third
Alan Elder to second
Runner from 3rd tries for Home, SAFE, no throw or cutoff
Batting: SHB Eiji Suzuki 0-0: Ball
1-0: Ball
2-0: Called Strike
2-1: SINGLE (Groundball, 34D)
Alan Elder to third
Orlando Trevino to second
Runner from 3rd tries for Home, throw and OUT!
Top of the 6th over - 1 run(s), 4 hit(s), 0 error(s), 2 left on base; Ft. Worth 2 - New Amsterdam 1
BOTTOM OF THE 6TH
New Amsterdam Republics batting - Pitching for Ft. Worth Cattlemen : RHP Francisco López
Batting: RHB Júlio Gruzmán 0-0: Called Strike
0-1: Ball
1-1: Ball
2-1: Fly out, F9 (Line Drive, 9D)
Batting: RHB Carlos Ortega 0-0: Foul Ball, location: 2F
0-1: Ball
Single, Error in OF, E8, batter to second base
Batting: RHB Júlio Maldonado 0-0: Swinging Strike
0-1: Ball
1-1: Foul Ball, location: 2F
1-2: Foul Ball, location: 2F
1-2: Ball
2-2: 2-RUN HOME RUN (Flyball, 7LD), Distance : 356 ft
Batting: RHB Bryan Manning 0-0: Called Strike
0-1: Ball
1-1: Fly out, F7 (Flyball, 7M)
Batting: RHB Ed Anderson 0-0: Called Strike
0-1: Ball
1-1: Ball
2-1: Ball
3-1: Foul Ball, location: 2F
3-2: Fly out, F4 (Popup, 4D)
Bottom of the 6th over - 2 run(s), 2 hit(s), 1 error(s), 0 left on base; Ft. Worth 2 - New Amsterdam 3
TOP OF THE 7TH
Ft. Worth Cattlemen batting - Pitching for New Amsterdam Republics : RHP Pedro Castro
Batting: RHB Robby Thomas 0-0: Ball
1-0: Called Strike
1-1: Ball
2-1: Foul Ball, location: 2F
2-2: Strikes out swinging
Batting: RHB Jack Weber 0-0: Ground out 6-3 (Groundball, 56)
Batting: RHB Kevin Howard 0-0: SINGLE (Line Drive, 6MD)
Pitching: LHP Michael Rondeau
Batting: LHB Ryan Westlake 0-0: Ball
1-0: Called Strike
1-1: Ball
2-1: Swinging Strike
2-2: Strikes out looking
Top of the 7th over - 0 run(s), 1 hit(s), 0 error(s), 1 left on base; Ft. Worth 2 - New Amsterdam 3
BOTTOM OF THE 7TH
New Amsterdam Republics batting - Pitching for Ft. Worth Cattlemen : RHP Francisco López
Pitching: LHP Ron Anderson
Batting: LHB Félix López 0-0: Swinging Strike
0-1: Foul Ball, location: 2F
0-2: Strikes out swinging
Batting: RHB Tim Robinson 0-0: Swinging Strike
0-1: Swinging Strike
0-2: Foul Ball, location: 2F
0-2: Ball
1-2: Fly out, F7 (Flyball, 7LD)
Batting: RHB Ronald Shelton 0-0: Called Strike
0-1: Foul Ball, location: 2F
0-2: Foul Ball, location: 2F
0-2: Strikes out swinging
Bottom of the 7th over - 0 run(s), 0 hit(s), 0 error(s), 0 left on base; Ft. Worth 2 - New Amsterdam 3
TOP OF THE 8TH
Ft. Worth Cattlemen batting - Pitching for New Amsterdam Republics : LHP Michael Rondeau
Pitching: RHP Decheng Sun
Batting: RHB Joey Morgan 0-0: Ball
1-0: Foul Ball, location: 2F
1-1: Called Strike
1-2: Ground out 4-3 (Groundball, 4)
Batting: RHB Bart Lewis 0-0: Called Strike
0-1: Ball
1-1: Foul Ball, location: 2F
1-2: Ball
2-2: SINGLE (Groundball, 56D)
Batting: RHB Alan Elder 0-0: Called Strike
0-1: Ball
1-1: Ball
2-1: Ball
Wild Pitch!
Bart Lewis to second
3-1: Base on Balls
Pitching: RHP Albert Emery
Batting: LHB Orlando Trevino 0-0: Swinging Strike
0-1: Ball
1-1: Ball
2-1: Foul Ball, location: 2F
2-2: SINGLE (Popup, 8LS)
Bart Lewis to third
Alan Elder to second
Runner from 3rd tries for Home, SAFE, throw made home
Alan Elder to third
Orlando Trevino to second
Batting: SHB Eiji Suzuki 0-0: Intentional Walk
Batting: RHB Robby Thomas 0-0: Ball
1-0: Called Strike
1-1: DOUBLE (Groundball, 5L)
Alan Elder scores
Orlando Trevino scores
Eiji Suzuki to third
Pinch Hitting: LHB Bill Burgess 0-0: Intentional Walk
Pinch Hitting: SHB Will Brock 0-0: Foul Ball, location: 2F
0-1: Ball
1-1: Ball
2-1: Foul Ball, location: 2F
2-2: Fly out, F3 (Popup, 34)
Batting: LHB Ryan Westlake 0-0: Called Strike
0-1: Ball
1-1: Foul Ball, location: 2F
1-2: Ball
2-2: Foul Ball, location: 2F
2-2: Foul Ball, location: 2F
2-2: Strikes out swinging
Top of the 8th over - 3 run(s), 3 hit(s), 0 error(s), 3 left on base; Ft. Worth 5 - New Amsterdam 3
BOTTOM OF THE 8TH
New Amsterdam Republics batting - Pitching for Ft. Worth Cattlemen : LHP Ron Anderson
Now at SS: Will Brock
Now in RF: Bill Burgess
Batting: RHB Doug Reed 0-0: Ball
1-0: Called Strike
1-1: Foul Ball, location: 2F
1-2: Foul Ball, location: 2F
1-2: Ball
2-2: SINGLE (Groundball, 4MD)
Pitching: RHP Harold Taylor
Batting: RHB Júlio Gruzmán 0-0: Ball
1-0: Ground out 5-3 (Groundball, 5S)
Doug Reed to second
Batting: RHB Carlos Ortega 0-0: Ball
1-0: Foul Ball, location: 2F
1-1: 2-RUN HOME RUN (Flyball, 7D), Distance : 380 ft
Batting: RHB Júlio Maldonado 0-0: Ball
1-0: Swinging Strike
1-1: Ball
2-1: Ground out 5-3 (Groundball, 5L)
Batting: RHB Bryan Manning 0-0: Ball
1-0: Ball
2-0: Called Strike
2-1: Ball
3-1: Foul Ball, location: 2F
3-2: Strikes out swinging
Bottom of the 8th over - 2 run(s), 2 hit(s), 0 error(s), 0 left on base; Ft. Worth 5 - New Amsterdam 5
TOP OF THE 9TH
Ft. Worth Cattlemen batting - Pitching for New Amsterdam Republics : RHP Albert Emery
Pitching: RHP Gavin Blackburn
Batting: RHB Joey Morgan 0-0: Ball
1-0: Foul Ball, location: 2F
1-1: Swinging Strike
1-2: Foul Ball, location: 2F
1-2: Ball
2-2: Ball
3-2: Foul Ball, location: 2F
3-2: Base on Balls
Batting: RHB Bart Lewis 0-0: Called Strike
0-1: Ball
1-1: Swinging Strike
1-2: Ball
2-2: Strikes out swinging
Batting: RHB Alan Elder 0-0: Foul Ball, location: 2F
0-1: Foul Ball, location: 2F
0-2: Strikes out looking
Batting: LHB Orlando Trevino 0-0: Swinging Strike
0-1: Ball
1-1: Foul Ball, location: 2F
1-2: Strikes out swinging
Top of the 9th over - 0 run(s), 0 hit(s), 0 error(s), 1 left on base; Ft. Worth 5 - New Amsterdam 5
BOTTOM OF THE 9TH
New Amsterdam Republics batting - Pitching for Ft. Worth Cattlemen : RHP Harold Taylor
Pitching: RHP Pete Wood
Batting: RHB Ed Anderson 0-0: Called Strike
0-1: Ball
1-1: Foul Ball, location: 2F
1-2: Fly out, F4 (Popup, 3D)
Batting: LHB Félix López 0-0: Ball
1-0: SINGLE (Groundball, 4M)
Batting: RHB Tim Robinson 0-0: Ball
1-0: Called Strike
1-1: SINGLE (Line Drive, 4MD)
Félix López to second
Pinch Hitting: SHB Todd Hill 0-0: Called Strike
0-1: Ball
1-1: Foul Ball, location: 2F
1-2: Ball
2-2: SINGLE (Groundball, 4MD)
Félix López to third
Tim Robinson to second
Runner from 3rd tries for Home, SAFE, throw made home
This league is powered by Out of the Park Baseball, the baseball management simulation game for PC, Mac and Linux
Friday, January 22nd, 2016 - OOTP Baseball 16.9 Build 39